 Dungeon Crawl Stone Soup version 0.28.0-45-g0d030f2227 (webtiles) character file.

Game seed: 2378244180799746923

23 sking99 the Grasshopper (level 2, -3/25 HPs)
             Began as a Draconian Warper on May 20, 2022.
             Slain by a hound (5 damage)
             ... on level 1 of the Dungeon.
             The game lasted 00:02:20 (1171 turns).

sking99 the Grasshopper (Draconian Warper)          Turns: 1171, Time: 00:02:21

Health: -3/25      AC:  4    Str: 13    XL:     2   Next: 72%
Magic:  5/5        EV: 12    Int: 13    God:
Gold:   86         SH:  0    Dex: 10    Spells: 5/5 levels left

rFire   . . .      SeeInvis +   i - +1 whip (venom)
rCold   . . .      Faith    .   (no shield)
rNeg    . . .      Spirit   .   (armour unavailable)
rPois   .          Reflect  .   (helmet restricted)
rElec   .          Harm     .   (no cloak)
rCorr   .          Rampage  .   (no gloves)
Will    .....                   (no boots)
Stlth   +.........              (no amulet)
HPRegen 0.08/turn               d - ring of see invisible
MPRegen 0.09/turn               (no ring)

@: no status effects
A: AC +4, unfitting armour, cold-blooded
a: no special abilities


You were on level 1 of the Dungeon.
You visited 1 branch of the dungeon, and saw 2 of its levels.

You collected 86 gold pieces.

Inventory:

Hand Weapons
 a - a +0 falchion
 i - a +1 whip of venom (weapon)
Missiles
 c - 5 boomerangs of dispersal (quivered)
Jewellery
 d - a ring of see invisible (left hand)
 j - a +4 ring of protection
Scrolls
 b - a scroll of blinking
 g - a scroll of amnesia {unknown}
 h - a scroll of immolation {unknown}
 k - a scroll of silence {unknown}
 l - a scroll of identify {unknown}
Potions
 e - a potion of invisibility {unknown}
 f - a potion of ambrosia {unknown}


   Skills:
 + Level 2.5 Fighting
 - Level 2.4 Long Blades
 * Level 0.5 Maces & Flails
 - Level 0.8 Throwing
 + Level 2.3 Dodging
 - Level 2.0 Spellcasting
 + Level 3.2 Translocations


You had 5 spell levels left.
You didn't know any spells.
Your spell library contained the following spells:

 Spells                   Type           Power      Damage    Failure   Level
 Blink                    Tloc           18%        N/A       11%         2
 Gell's Gravitas          Tloc           9%         N/A       21%         3
 Lesser Beckoning         Tloc           9%         N/A       21%         3
 Teleport Other           Tloc           9%         N/A       21%         3
 Manifold Assault         Tloc           9%         N/A       88%         5


Dungeon Overview and Level Annotations

Branches:
Dungeon (2/15)

Altars:


Innate Abilities, Weirdness & Mutations

Your plain brown scales are hard. (AC +4)
You cannot fit into any form of body armour.
You are cold-blooded and may be slowed by cold attacks.


Message History

The bat barely misses you. The bat closely misses you.
The bat hits you but does no damage. The bat barely misses you.
The bat barely misses you. The bat misses you.
The bat hits you but does no damage. x2
The bat misses you. The bat barely misses you.
The bat hits you but does no damage. The bat hits you but does no damage.
The bat closely misses you. The bat misses you.
The bat hits you but does no damage. The bat barely misses you.
The bat misses you. The bat closely misses you.
The bat hits you but does no damage. x2
The bat closely misses you. The bat completely misses you.
The bat barely misses you. The bat closely misses you.
The bat barely misses you. The bat hits you.
* * * LOW HITPOINT WARNING * * *
The bat barely misses you. The bat hits you.
* * * LOW HITPOINT WARNING * * *
The bat hits you but does no damage. The bat hits you but does no damage.
The bat closely misses you. The bat hits you but does no damage. x3
The bat hits you but does no damage. The hound closely misses you.
There is a stone staircase leading up here.
The bat closely misses you. The hound closely misses you.
You climb upwards.
There is a stone staircase leading down here.
You barely miss the hound. The hound bites you.
* * * LOW HITPOINT WARNING * * *
The hound closely misses you.
You hit the hound.
The hound is poisoned.
The hound is moderately wounded.
The hound pauses to sniff the ground.
The hound bites you.
You die...

#....#
#####...
#....#
#.†.
#....#
#...
#....#
#...
#....#
#...
#....#
#...
#....#
#...
#....#
####
#@h..#
#....#
######


You could see a hound (poisoned).

Vanquished Creatures
  2 endoplasms
  A giant cockroach (D:2)
  2 goblins
  2 hobgoblins (D:1)
  2 quokkas
  2 ball pythons (D:1)
  5 bats
  A frilled lizard (D:1)
  A kobold (D:1)
  3 rats (D:1)
21 creatures vanquished.

Notes
Turn   | Place    | Note
-------+----------+-------------------------------------------
     0 | D:1      | sking99 the Draconian Warper began the quest for the Orb.
     0 | D:1      | Reached XP level 1. HP: 17/17 MP: 3/3
   331 | D:1      | Reached XP level 2. HP: 24/25 MP: 5/5
  1101 | D:2      | Found a faded altar of an unknown god.
  1171 | D:1      | Slain by a hound

Illustrated notes

Levels and vault maps discovered:
D:1:      minmay_arrival_loop, layout_basic
D:2:      minmay_angry_zag, layout_rooms,
          hellmonk_ecumenical_altar_pennies_from_heaven, uniq_terence,
          uniq_robin

Action                   || total
-------------------------++-------
Melee: Falchion          ||    49
       Tailslap          ||    10
       Whip              ||    40
Armor: Skin              ||    71
Dodge: Dodged            ||   125
